Cogmind - Beta 16.1 @@@ ROGUE MODE // 2026.06.19 @ 02:51:00 Player: Godsword Result: Self-destructed Performance ------------- Evolutions (1) 500 Regions Visited (3) 600 Robots Destroyed (4) 20 Value Destroyed (95) 95 Prototype IDs (1) 20 Alien Tech Used (0) 0 Bonus (200) 200 TOTAL SCORE: 1435 Bonus ------- Pacifist 200 Cogmind --------- Core Integrity 249/400 Matter 180/300 Energy 84/100 System Corruption 0% Temperature Cool (27) Movement Hovering (52) Location -9/Materials Parts ------- > --- POWER (1) -------- (None) > --- PROPULSION (4) --- Improved Hover Unit Improved Hover Unit Improved Hover Unit > --- UTILITY (2) ------ Weapon Shielding Weapon Shielding > --- WEAPON (2) ------- Heavy EM Pulse Gun > --- INVENTORY (5) ---- (None) Peak State ------------ > --- POWER ------------ Heavy Ion Engine > --- PROPULSION ------- Improved Hover Unit Improved Hover Unit Improved Hover Unit Improved Hover Unit > --- UTILITY ---------- Weapon Shielding Weapon Shielding > --- WEAPON ----------- Heavy EM Pulse Gun Heavy EM Pulse Gun > --- INVENTORY -------- Improved Hover Unit [Rating: 17] Favorites ----------- Power Heavy Ion Engine Engine Heavy Ion Engine Propulsion Improved Hover Unit Hover Unit Improved Hover Unit Utility Weapon Shielding Protection Weapon Shielding Weapon Heavy EM Pulse Gun Energy Gun Heavy EM Pulse Gun Build | -11 -10 -10 -9 ------- Run | Yrd Mat Min Mat Slots Evolved 2 | . . . 2 Power . | . . . . Propulsion 2 | . . . 2 Utility . | . . . . Weapon . | . . . . Parts Attached 12 | . . . 12 Power 1 | . . . 1 Engine 1 | . . . 1 Core . | . . . . Reactor . | . . . . Propulsion 5 | . . . 5 Treads . | . . . . Leg . | . . . . Wheel . | . . . . Hover 5 | . . . 5 Flight . | . . . . Utility 2 | . . . 2 Device . | . . . . Storage . | . . . . Processor . | . . . . Hackware . | . . . . Protection 2 | . . . 2 Artifact . | . . . . Weapon 4 | . . . 4 Energy Gun 4 | . . . 4 Energy Cannon . | . . . . Ballistic Gun . | . . . . Ballistic Cannon . | . . . . Launcher . | . . . . Special Weapon . | . . . . Impact Weapon . | . . . . Slashing Weapon . | . . . . Piercing Weapon . | . . . . Special Melee Weapon . | . . . . Unidentified Prototypes 1 | . . . 1 Parts Lost 4 | . . . 4 Power 1 | . . . 1 Propulsion 2 | . . . 2 Utility . | . . . . Weapon 1 | . . . 1 Highest Loss Streak 4 | . . . 4 To Critical Strikes . | . . . . Average Backups 2 | . . . 3 Power . | . . . . Propulsion 1 | . . . 1 Utility . | . . . . Weapon 1 | . . . 1 Tool/Special . | . . . . Unused Backups 2 | . . . 2 Power . | . . . . Propulsion . | . . . . Utility . | . . . . Weapon 2 | . . . 2 Tool/Special . | . . . . Average Slot Usage (%) 34 | . . . 47 Engine 1 | . . . 1 Hover 22 | . . . 31 Protection 4 | . . . 5 Energy Gun 6 | . . . 8 Peak Build Rating 17 | . . . 17 Average Rating 6 | . . . 9 On Entrance . | . . . . Avg Prop Armor Cover (%) 23 | . . . 23 Naked Turns 116 | . 11 97 8 Heaviest Build 16 | . . . 16 Greatest Support 32 | 3 3 3 32 Greatest Overweight (x) . | . . . . Average Overweight (x) . | . . . . Largest Inventory Capacity 5 | 5 5 5 5 Average Capacity 5 | 5 5 5 5 Most Carried 5 | . . . 5 Average Carried 2 | . . . 3 Final Capacity 5 | 5 5 5 5 Final Carried . | . . . . Class Distribution -------------------- 100% | Mutant Dominant Class ---------------- Mutant | -10/Materials Mutant | -10/Mines Mutant | -9/Materials Resources | -11 -10 -10 -9 ----------- Run | Yrd Mat Min Mat Matter Collected 200 | 200 . . . Remotely . | . . . . Salvage Created 56 | . . . 56 Parts 5 | . . . 5 Haulers Intercepted . | . . . . Recyclers Shooed . | . . . . Parts Field Recycled . | . . . . Retrieved Matter . | . . . . Parts Self-Destructed . | . . . . Prevented . | . . . . Parts Restored . | . . . . Kills | -11 -10 -10 -9 ------- Run | Yrd Mat Min Mat Combat Hostiles Destroyed 4 | . . . 4 Guns 1 | . . . 1 AOE 3 | . . . 3 Classes Destroyed 2 | . . . 2 Swarmer 3 | . . . 3 Sentry 1 | . . . 1 Best Kill Streak 3 | . . . 3 Combat Bots Only 3 | . . . 3 Max Kills in Single Turn 3 | . . . 3 Gunslinging . | . . . . Exploded 3 | . . . 3 Melee . | . . . . Uniques/NPCs Destroyed . | . . . . Combat | -11 -10 -10 -9 -------- Run | Yrd Mat Min Mat Hostile Shots Fired 40 | . . 6 34 Missed 19 | . . 3 16 Hits 21 | . . 3 18 Projectile 21 | . . 3 18 Critical Strikes 1 | . . . 1 Damage Taken 484 | . . 41 443 Core 192 | . . 41 151 Absorbed by Shields . | . . . . Redirected to Shielding 6 | . . . 6 Core Remaining (%) 91 | 100 . 83 . Volleys Fired 9 | . . . 9 Largest 2 | . . . 2 Hottest 90 | . . . 90 Shots Fired 11 | . . . 11 Gun 11 | . . . 11 Cannon . | . . . . Launcher . | . . . . Special . | . . . . Kinetic . | . . . . Thermal . | . . . . Explosive . | . . . . Electromagnetic 11 | . . . 11 Robot Hit Streak 6 | . . . 6 Robot Miss Streak 1 | . . . 1 Penetration Max . | . . . . Secondary Targets . | . . . . Shots Hit Robots 9 | . . . 9 Core Hits 4 | . . . 4 Critical Kills . | . . . . Critical Parts Destroyed . | . . . . Critical Strikes . | . . . . Melee Attacks . | . . . . Impact . | . . . . Slashing . | . . . . Piercing . | . . . . Sneak Attacks . | . . . . Combat Hostiles . | . . . . Follow-up Attacks . | . . . . Damage Inflicted 499 | . . . 499 Guns 66 | . . . 66 Cannons . | . . . . Explosions 433 | . . . 433 Melee . | . . . . Ramming . | . . . . Kinetic . | . . . . Thermal 433 | . . . 433 Explosive . | . . . . Electromagnetic 66 | . . . 66 Impact . | . . . . Slashing . | . . . . Piercing . | . . . . Highest Corruption . | . . . . Average Corruption . | . . . . Corruption Purged . | . . . . Corruption Blocked . | . . . . Overload Shots . | . . . . Overflow Damage 267 | . . . 267 Projectiles . | . . . . Explosions 267 | . . . 267 Melee . | . . . . Knockbacks . | . . . . Impact . | . . . . Kinetic . | . . . . Secondary . | . . . . Self-Inflicted Damage 244 | . . . 244 Shots 3 | . . . 3 Rammed . | . . . . Targets Rammed . | . . . . Kicked . | . . . . Crushed . | . . . . Highest Temperature 102 | . . . 102 Average Temperature 39 | . . . 39 Received Heat Transfer 81 | . . 21 60 Siege Activations . | . . . . Martial Activations . | . . . . Shielding Activations . | . . . . Robots Disrupted . | . . . . Combat Hostiles . | . . . . Robots Corrupted . | . . . . Combat Hostiles . | . . . . Parts Fried 1 | . . . 1 Impact Corruptions . | . . . . Robots Melted . | . . . . Combat Hostiles . | . . . . Parts Melted 1 | . . . 1 Heat Transferred 300 | . . . 300 Parts Sabotaged . | . . . . Parts Stolen . | . . . . Parts Stripped . | . . . . Power Chain Reactions 1 | . . . 1 Alert | -11 -10 -10 -9 ------- Run | Yrd Mat Min Mat Maximum Alert Level . | . . . . Low Security (%) 100 | 100 100 100 100 Level 1 . | . . . . Level 2 . | . . . . Level 3 . | . . . . Level 4 . | . . . . Level 5 . | . . . . High Security . | . . . . Max Security . | . . . . Peak Influence 167 | . . 30 167 Initial 3 | . . . 3 Average 10 | . . 7 11 Influence Increases 267 | . . 30 237 Destroy 0b10 Robot/C 80 | . . . 80 Destroy Leader 20 | . . . 20 Disable Machine 30 | . . . 30 Destroy Structure 32 | . . . 32 Lose Combat Pursuer 105 | . . 30 75 Influence Decreases 100 | . . 20 80 Entered New Map 7 | . . . 7 Time Decay 53 | . . 20 33 Lost Part 40 | . . . 40 Squads Dispatched 2 | . 1 . 1 Investigation . | . . . . Extermination . | . . . . Reinforcement 2 | . 1 . 1 Assault . | . . . . Garrison . | . . . . Intercept . | . . . . Searches Triggered . | . . . . Construction Impeded . | . . . . Haulers Reinforced . | . . . . Active Scanning Responses . | . . . . Cargo Convoy Interrupts . | . . . . Stealth | -11 -10 -10 -9 --------- Run | Yrd Mat Min Mat Distress Signals . | . . . . Communications Jammed . | . . . . Distress Signals . | . . . . Times Spotted 14 | . 1 2 11 Peak Tracking Total 7 | . 1 2 7 Tactical Retreats 3 | . . 1 2 Traps | -11 -10 -10 -9 ------- Run | Yrd Mat Min Mat Traps Triggered . | . . . . Indirectly . | . . . . Trap Hack Attempts . | . . . . Triggered . | . . . . Disarmed . | . . . . Reprogrammed . | . . . . Reused . | . . . . Traps Extracted . | . . . . Installed . | . . . . Triggered . | . . . . Machines | -11 -10 -10 -9 ---------- Run | Yrd Mat Min Mat Machines Disabled 2 | . . . 2 Max in Single Turn 2 | . . . 2 Machines Repaired . | . . . . Machines Dismantled . | . . . . Machines Sabotaged . | . . . . Overloaded Fab Kills . | . . . . Hacking | -11 -10 -10 -9 --------- Run | Yrd Mat Min Mat Machines Accessed 1 | . . . 1 Terminals . | . . . . Fabricators . | . . . . Repair Stations . | . . . . Recycling Units . | . . . . Scanalyzers 1 | . . . 1 Garrison Access . | . . . . Total Hacks 3 | . . . 3 Successful 2 | . . . 2 Failed 1 | . . . 1 Catastrophic . | . . . . Database Lockouts . | . . . . Manual . | . . . . Terminals . | . . . . Fabricators . | . . . . Repair Stations . | . . . . Recycling Units . | . . . . Scanalyzers 3 | . . . 3 Garrison Access . | . . . . Terminal Hacks . | . . . . Fabricator Hacks . | . . . . Repair Station Hacks . | . . . . Recycling Unit Hacks . | . . . . Scanalyzer 2 | . . . 2 Retrieve Study 2 | . . . 2 Garrison Access Hacks . | . . . . Unauthorized Hacks . | . . . . Terminals . | . . . . Fabricators . | . . . . Repair Stations . | . . . . Recycling Units . | . . . . Scanalyzers . | . . . . Garrison Access . | . . . . Data Cores Recovered . | . . . . Used . | . . . . Hacking Detections . | . . . . Full Trace Events . | . . . . Feedback Events . | . . . . Feedback Blocked . | . . . . Robot Schematics Acquired . | . . . . Robots Built . | . . . . Authchips . | . . . . Time . | . . . . Total Robot Build Rating . | . . . . Part Schematics Acquired . | . . . . Parts Built . | . . . . Authchips . | . . . . Time . | . . . . Total Part Build Rating . | . . . . Part Studies Acquired 2 | . . . 2 Parts Repaired . | . . . . Time . | . . . . Parts Recycled . | . . . . Recycled Matter . | . . . . Retrieved Matter . | . . . . Retrieved Components . | . . . . Parts Scanalyzed . | . . . . Part Schematics Acquired . | . . . . Parts Damaged . | . . . . Bothacking | -11 -10 -10 -9 ------------ Run | Yrd Mat Min Mat Used RIF Installer . | . . . . Robots Hacked . | . . . . Non-combat . | . . . . Combat . | . . . . Robot Hacks Applied . | . . . . Relay Couplers Released . | . . . . Fabnet Peak Effective % . | . . . . Robots Rewired . | . . . . Allies Hacked . | . . . . Hacks Repelled . | . . . . Allies | -11 -10 -10 -9 -------- Run | Yrd Mat Min Mat Total Allies . | . . . . Largest Group . | . . . . Highest-Rated Group . | . . . . Highest-Rated Ally . | . . . . Total Orders . | . . . . Ally Attacks . | . . . . Total Damage . | . . . . Kills . | . . . . Allies Corrupted . | . . . . Allies Melted . | . . . . Intel | -11 -10 -10 -9 ------- Run | Yrd Mat Min Mat Active Infowar (turns) . | . . . . Robot Analysis Total . | . . . . Derelict Logs Recovered 1 | . . 1 . Drone Launches . | . . . . Drone Recoveries . | . . . . Exploration | -11 -10 -10 -9 ------------- Run | Yrd Mat Min Mat Turns Passed 472 | 12 11 97 352 Spaces Moved 427 | 23 21 193 190 Core 323 | 23 21 193 86 Treads . | . . . . Legs . | . . . . Wheels . | . . . . Hover 104 | . . . 104 Flight . | . . . . Fastest Speed 48 | 50 50 50 48 Average Speed 50 | 50 50 50 51 Slowest Speed 60 | 50 50 50 60 Overloaded Moves . | . . . . Propulsion Burnouts . | . . . . Robots Hopped . | . . . . Potential Cave-ins . | . . . . Cave-ins Triggered . | . . . . Exploration Rate (%) 21 | 3 10 53 18 Regions Visited 3 Branch Regions 1 Pre-discovered Areas . | . . . . Known Exits Taken . | . . . . Unknown Exits Taken 3 | 1 1 1 . Scrap Searched 1 | . . 1 . Spaces Dug . | . . . . Terrain Destroyed 40 | . . . 40 Melee . | . . . . Projectile . | . . . . AOE 40 | . . . 40 Terrain Rammed . | . . . . Walls Destroyed . | . . . . Machines Disabled . | . . . . Actions | -11 -10 -10 -9 --------- Run | Yrd Mat Min Mat Total 665 | 22 20 192 431 Wait 207 | . . . 207 Move 424 | 22 20 192 190 Hop . | . . . . Pick Up 5 | . . . 5 Fast Attach 9 | . . . 9 Attach 5 | . . . 5 Detach 2 | . . . 2 Swap . | . . . . Drop 4 | . . . 4 Fire 9 | . . . 9 Melee . | . . . . Ram . | . . . . Kick . | . . . . Crush . | . . . . Escape Stasis . | . . . . Rewire . | . . . . Trap . | . . . . Miscellaneous . | . . . . Route ------- -11/Scrapyard -10/Materials -10/Mines -9/Materials History --------- Turn | Location | Event 4 | -11/Scrapyard | Discovered new exit (range 15) 13 | -11/Scrapyard | Entered Materials 17 | -10/Materials | Discovered new exit (range 14) 24 | -10/Materials | Entered Mines 57 | -10/Mines | Learned 2 Materials zone layouts 107 | -10/Mines | Discovered new exit (range 12) 121 | -10/Mines | Entered Materials 121 | -9/Materials | Evolved 2 slots: Propulsion x2 318 | -9/Materials | Build established: Mutant 473 | -9/Materials | Self-destructed Last Messages --------------- 00440_ Destroyed Lgt. Ion Engine. 00440_ Imp. Hover Unit+ destroyed. 00440_ Destroyed Imp. Hover Unit+. 00440_ S-10 Pest destroyed. 00440_ Imp. Hover Unit+ destroyed. 00440_ Destroyed Imp. Hover Unit+. 00440_ Hvy. EM Pulse Gun+ destroyed. 00440_ Destroyed Hvy. EM Pulse Gun+. 00440_ Flight Unit fried. 00440_ S-10 Pest destroyed. 00440_ Destroyed Flight Unit. 00440_ Lgt. Assault Rifle melted. 00440_ S-10 Pest destroyed. 00440_ ALERT: Hostiles spotted, dispatching reinforcements to Terminal M005. 00443_ K-01 Serf collects debris. 00444_ U-05 Engineer builds a Wall. 00448_ Critical hit (Burn: +37). 00470_ Hvy. Ion Engine destroyed. 00471_ Y-45 Defender destroyed. Map ----- +----------------------------------------------------+ | ???????????????????????????# ## | | ???????????????????????????# ## """ | | ???????????????????????????# ## """ | | ???????????????????????????+ / """ | | ???????????????????????????# ## | | ?????????????????????????" # ##"""" | | ?????????????????????????" # # | | ????????????????????????? # # | | ????????????????????##?##+## # | | ????????????????????? # # | | ?????????????????????? # " | | ???????????????????????+ " | | ???????????????????????# " | | ???????????????????????# " | | ???????????????????????#"" # | | ???????????????????????#"T #""""" | | ???????????????????????#"" | | ???###########?????????# | | ???# ########### | | ???# # #+####+## | | ???# # + | | ???# / ##+########## | | ???# !=# # ????? # | | ??# """ """%# # ????? # | | ??#? """ """[#### "????"" # | | ???? """ """@#??# "????"" # """ """ | | ?????#########??# ""???"" # """ """ | | ????????????????# ""???"" # """ """ | | ????????????????? ??? ######### | | ?????????????????####????####???????? | | | | | | | | | | | | | | | | | | | | | | | | | | | | | | | | | | | | | | | | | +----------------------------------------------------+ Best States ------------- Heat Dissipation 28 Energy Generation 14 Energy Capacity 280 Matter Stores 300 Matter Capacity 300 Sight Range 16 Terrain Scan Density 10 Weapon Shielding 33 Evasion (%) 55 Item Schematics ----------------- None Robot Schematics ------------------ None Fabricated ------------ Nothing Repaired ---------- Nothing Studied --------- Imp. Hover Unit | -9/Materials | Hacked Hvy. EM Pulse Gun | -9/Materials | Hacked Alien Tech Used ----------------- None Achievements -------------- None Challenges ------------ None Game ------ Seed CannonForceDatajack Manual? 0 Play Time 00:09:11 Cumulative 38.6 hours Start 2026.06.17 @ 15:56:29 End 2026.06.19 @ 02:51:00 Sessions 1 Manual Loads 0 Difficulty Rogue Special Mode None Game No. 100 Rogue 100 Adventurer 0 Explorer 0 Win Type - Total 3 Types 3/0/0/0/0/0/0/0/0/0 Lore% 43 Gallery% 34 Achievement% 35 Wizard Run 0 Options --------- Layout 1 ASCII 0 Keyboard 0 Movement Mouse Keybinds 0 Fullscreen 1 Font 16/SmallcapsGlow Map View 50x40 Zoom Use 0% Tactical HUD 1 Map Filters NONE Filters NONE Steam SD RUN: 8c671894-cd92-49c3-880f-70f598fc312f